 Dungeon Crawl Stone Soup version 0.22.0-36-g8e74550 (webtiles) character file.

5048 HaroldButt the Destroyer (level 10, -5/88 HPs)
             Began as a Gargoyle Earth Elementalist on Aug 24, 2018.
             Was a Follower of Vehumet.
             Slain by an eidolon (7 damage)
             ... on level 2 of the Abyss.
             The game lasted 00:37:08 (6859 turns).

HaroldButt the Destroyer (GrEE)                     Turns: 6859, Time: 00:37:09

Health: -5/88      AC: 11    Str: 17 (18) XL:     10   Next: 55%
Magic:  9/19       EV: 17    Int: 16      God:    Vehumet [*.....]
Gold:   158        SH:  5    Dex: 15      Spells: 6/21 levels left

rFire    + . .     SeeInvis .   h - +0 whip (freeze)
rCold    + . .     Gourm    .   (no shield)
rNeg     + . .     Faith    .   c - +0 robe
rPois    ∞         Spirit   .   r - +0 helmet
rElec    +         Reflect  +   B - +0 cloak (curse)
rCorr    .         Harm     .   (no gloves)
MR       .....                  (no boots)
Stlth    ..........             s - +5 amulet of reflection
HPRegen  0.24/turn              w - ring of protection from cold
MPRegen  0.16/turn              v - ring of protection from fire

@: agile, berserking, slowed, drained
A: dopey 1, negative energy resistance 1, electricity resistance, unbreathing,
petrification resistance, rot immunity, AC +7
a: Renounce Religion


You were on level 2 of the Abyss.
You worshipped Vehumet.
Vehumet was aware of your devotion.
You were very hungry.

You visited 1 branch of the dungeon, and saw 9 of its levels.
You visited the Abyss 1 time.

You collected 683 gold pieces.
You spent 525 gold pieces at shops.


Innate Abilities, Weirdness & Mutations

You are resistant to torment.
Your stone body is resilient. (AC +7)
You are immune to poison.
You resist negative energy. (rN+)
You are resistant to electric shocks. (rElec)
You can survive without breathing.
You are immune to petrification.
You are immune to rotting.
You are dopey. (Int -2)


   Skills:
 - Level 5.0(4.7) Fighting
 - Level 1.5(1.3) Dodging
 - Level 2.1(1.9) Stealth
 - Level 6.4(6.2) Spellcasting
 + Level 11.0(10.7) Conjurations
 - Level 0.7(0.5) Transmutations
 + Level 10.0(9.7) Earth Magic


You had 6 spell levels left.
You knew the following spells:

 Your Spells              Type           Power        Failure   Level  Hunger
c - Petrify               Tmut/Erth      ###.....     16%         4    ####...
x - Stone Arrow           Conj/Erth      #####.       1%          3    ##.....
z - Sandblast             Erth           #####.       1%          1    None
N - Passwall              Tmut/Erth      ###.....     2%          2    #......
X - Lee's Rapid Deconstr  Erth           #####.....   7%          5    ######.

Your spell library contained the following spells:

 Spells                   Type           Power        Failure   Level  Hunger
 Sting                    Conj/Pois      ###.         1%          1    None
 Throw Frost              Conj/Ice       ###...       2%          2    #......
 Mephitic Cloud           Conj/Pois/Air  ###.....     10%         3    ##.....
 Beastly Appendage        Tmut           #.....       11%         1    None
 Confusing Touch          Hex            #.....       14%         1    None
 Freeze                   Ice            #...         14%         1    None
 Throw Icicle             Conj/Ice       ###.....     14%         4    ####...
 Sticks to Snakes         Tmut           #.......     17%         2    #......
 Poisonous Vapours        Pois/Air       #.....       21%         2    #......
 Spider Form              Tmut/Pois      #.........   36%         3    ##.....
 Confuse                  Hex            #.......     38%         3    ##.....
 Gell's Gravitas          Tloc           #.........   38%         3    ##.....
 Ozocubu's Armour         Chrm/Ice       #.......     38%         3    ##.....
 Venom Bolt               Conj/Pois      ###.......   38%         5    ######.
 Ice Form                 Ice/Tmut       #.......     77%         4    ####...
 Olgreb's Toxic Radiance  Pois           #.......     80%         4    ####...
 Summon Ice Beast         Ice/Summ       #.......     80%         4    ####...
 Blade Hands              Tmut           #.........   97%         5    ######.
 Metabolic Englaciation   Hex/Ice        #.........   98%         5    ######.
 Yara's Violent Unravell  Hex/Tmut       #.........   98%         5    ######.

Inventory:

Hand Weapons
 a - a +0 short sword
 h - a +0 whip of freezing (weapon)
 o - a +0 morningstar of flaming
 x - a +3 rapier of venom
Missiles
 b - 140 stones (quivered)
Armour
 c - a +0 robe (worn)
 q - a cursed -1 ring mail
 r - a +0 helmet (worn)
 B - a cursed +0 cloak (worn)
 F - a +0 shield
Jewellery
 s - a +5 amulet of reflection (around neck)
 v - a ring of protection from fire (right hand)
 w - a ring of protection from cold (left hand)
 y - an uncursed ring of fire
 C - an uncursed ring of protection from fire
 G - the ring "Rashrin" {-Tele rF+ Str+4 Int+9 Stlth+}

   [ring of protection from fire]

   It affects your strength (+4).
   It affects your intelligence (+9).
   It protects you from fire.
   It prevents most forms of teleportation.
   It makes you more stealthy.
 H - an uncursed amulet of regeneration
Wands
 m - a wand of digging (12)
 D - a wand of flame (18)
Scrolls
 k - 5 scrolls of remove curse
 I - a scroll of fear
 J - a scroll of blinking
 L - a scroll of magic mapping
Potions
 e - a potion of mutation {!q}
 f - 3 potions of cancellation
 i - 5 potions of lignification {!q}
 j - a potion of magic
 l - 2 potions of curing {@q1}
 n - a potion of brilliance {unknown}
 p - a potion of invisibility
 t - 2 potions of agility
 u - 2 potions of resistance {unknown}
 z - 3 potions of heal wounds {unknown}
 A - a potion of ambrosia
 K - a potion of might
Comestibles
 d - 9 rations

Dungeon Overview and Level Annotations

Branches:
Dungeon (9/15)             Temple (0/1) D:6
   Lair: D:8-11         Orc: D:9-12

Altars:
Ashenzari
Cheibriados
Elyvilon
Fedhas
Hepliaklqana
Makhleb
Nemelex Xobeh
Ru
Trog
Uskayaw
Vehumet
Wu Jian
The Shining One

Shops:
D:5 *   D:6 *   D:7 ?

Annotations:
D:9 Erolcha

▒▒▒ ▒▒▒▒▒▒▒▒▒▒▒
.. ▒▒ ..........
. ▒▒.▒▒▒▒......▒▒
.▒....▒'.......▒
▒.▒...▒▒▒.8W...▒
▒.▒▒............▒
...▒▒..........▒
▒▒...▒..........▒
...▒▒.....▒▒▒▒▒.▒
...▒▒...▒.▒ ▒ ▒.
.▒.▒.▒▒▒
▒.▒▒▒#▒▒▒ .▒ .▒


You could see an eidolon.


Message History

The eidolon stares piercingly at you. The bolt of negative energy hits you!
You partially resist.
You feel drained.
* * * LOW HITPOINT WARNING * * *
You feel agile all of a sudden. You block the eidolon's attack.
The eidolon hits you.
* * * LOW HITPOINT WARNING * * *
It was a potion of berserk rage.
A red film seems to cover your vision as you go berserk!
You feel yourself moving faster!
You feel mighty! The eidolon hits you!
* * * LOW HITPOINT WARNING * * *
The eidolon drains your vigour!
You feel yourself slow down. You block the eidolon's attack.
You barely miss the eidolon. You block the eidolon's attack.
The eidolon hits you!
* * * LOW HITPOINT WARNING * * *
The eidolon hits you!
* * * LOW HITPOINT WARNING * * *
The eidolon hits you.
* * * LOW HITPOINT WARNING * * *
You feel weakened.
You hit the eidolon but do no damage. The eidolon hits you!
You die...

Action                   |  1- 3 |  4- 6 |  7- 9 | 10-12 || total
-------------------------+-------+-------+-------+-------++-------
Melee: Short sword       |    17 |    59 |       |       ||    76
       Rapier            |       |    80 |    67 |       ||   147
       Whip              |       |       |    93 |    17 ||   110
 Cast: Sandblast         |    30 |    32 |   117 |    46 ||   225
       Stone Arrow       |       |       |    12 |    15 ||    27
  Use: Scroll            |       |     8 |    12 |     2 ||    22
       Potion            |       |     1 |       |     2 ||     3
 Stab: Sleeping          |     1 |     1 |       |       ||     2
  Eat: Chunk             |     1 |     4 |    11 |     4 ||    20
       Ration            |       |     1 |       |       ||     1
Armor: Robe              |     6 |    52 |    60 |    19 ||   137
Dodge: Dodged            |    15 |    91 |   116 |    17 ||   239
Block: Other             |       |    28 |    49 |    12 ||    89
       Reflection        |       |     1 |     1 |     1 ||     3

Vault maps used:
D:1:      dpeg_arrival_ternary
D:2:      corner_web_ring, uniq_robin, uniq_terence
D:3:      nicolae_overflow_hidden_temple, nicolae_overflow_crystal_walls,
          first_ration, minmay_goblin_kobold_house
D:4:      nemelex_xobeh_ov_fountains_minmay, minmay_box_of_dots, uniq_duvessa,
          uniq_natasha, uniq_grinder
D:5:      kennysheep_mini, fedhas_altar_3, marbit_many_paths, serial_shops,
          shop, basic_altar, serial_glass, glass_columns_a, glass_columns_b
D:6:      bloody_trog, gammafunk_temple_overflow_elements,
          lemuel_temple_firewalk_b, serial_shops, shop, uniq_eustachio,
          uniq_pikel, uniq_sigmund
D:7:      nicolae_ru_awakened_eye, elyvilon_altar_4, basic_altar, serial_shops,
          nicolae_shop_stone
D:9:      gammafunk_temple_of_torment, lemuel_crystal_altar,
          lemuel_doored_altar, overflow_temple_1_default, uniq_erolcha
Abyss:2:  minivault_23

Notes
Turn   | Place    | Note
-------+----------+-------------------------------------------
     0 | D:1      | HaroldButt the Gargoyle Earth Elementalist began the quest for the Orb.
     0 | D:1      | Reached XP level 1. HP: 10/10 MP: 3/3
    74 | D:1      | Reached skill level 4 in Earth Magic
   166 | D:1      | Reached XP level 2. HP: 14/15 MP: 3/5
   649 | D:2      | Learned a level 2 spell: Passwall
   828 | D:2      | Noticed Terence
   829 | D:2      | Noticed Robin
   852 | D:1      | Killed Terence
   852 | D:1      | Reached skill level 5 in Earth Magic
   852 | D:1      | Reached XP level 3. HP: 14/19 MP: 0/6
   971 | D:2      | Killed Robin
   971 | D:2      | Reached XP level 4. HP: 14/24 MP: 1/7
  1167 | D:2      | Reached skill level 6 in Earth Magic
  1439 | D:3      | Reached XP level 5. HP: 28/28 MP: 5/8
  1481 | D:3      | Found a burning altar of Makhleb.
  1601 | D:3      | Reached skill level 7 in Earth Magic
  1625 | D:3      | Found a snail-covered altar of Cheibriados.
  2037 | D:3      | Reached skill level 8 in Earth Magic
  2037 | D:3      | Reached XP level 6. HP: 26/32 MP: 6/9
  2302 | D:3      | Learned a level 3 spell: Stone Arrow
  2892 | D:4      | Reached skill level 9 in Earth Magic
  2892 | D:4      | Reached XP level 7. HP: 21/36 MP: 6/10
  3087 | D:4      | Noticed Duvessa
  3090 | D:4      | Noticed Dowan
  3100 | D:4      | Killed Duvessa
  3100 | D:4      | Reached skill level 10 in Earth Magic
  3163 | D:4      | Killed Dowan
  3163 | D:4      | Reached skill level 1 in Conjurations
  3230 | D:4      | Noticed Natasha
  3237 | D:4      | Reached skill level 2 in Conjurations
  3243 | D:4      | Killed Natasha
  3245 | D:5      | Entered Level 5 of the Dungeon
  3245 | D:5      | Found a blossoming altar of Fedhas.
  3337 | D:5      | Reached skill level 3 in Conjurations
  3454 | D:5      | Reached XP level 8. HP: 37/41 MP: 6/11
  3497 | D:4      | Reached skill level 4 in Conjurations
  3563 | D:4      | Found a sparkling altar of Nemelex Xobeh.
  3584 | D:4      | Noticed Natasha
  3588 | D:4      | Killed Natasha
  3661 | D:4      | Noticed Grinder
  3668 | D:4      | Paralysed by Grinder for 5 turns
  3675 | D:4      | Killed Grinder
  3675 | D:4      | Reached skill level 5 in Conjurations
  3700 | D:4      | Reached skill level 6 in Conjurations
  3809 | D:4      | Noticed Natasha
  3811 | D:4      | Killed Natasha
  3888 | D:5      | Found a glowing golden altar of the Shining One.
  3997 | D:5      | Learned a level 5 spell: Lee's Rapid Deconstruction
  4019 | D:5      | Reached skill level 7 in Conjurations
  4031 | D:5      | Found a hazy altar of Hepliaklqana.
  4139 | D:5      | Found Kukhliuch's Assorted Antiques.
  4147 | D:5      | Bought a metallic blue potion for 23 gold pieces
  4147 | D:5      | Bought a sedimented green potion for 23 gold pieces
  4147 | D:5      | Bought a smoking granite ring for 130 gold pieces
  4147 | D:5      | Bought a scroll of identify for 52 gold pieces
  4154 | D:5      | Identified the ring "Rashrin" {-Tele rF+ Str+4 Int+9 Stlth+} (You bought it in a shop on level 5 of the Dungeon)
  4288 | D:5      | Found a radiant altar of Vehumet.
  4291 | D:5      | Became a worshipper of Vehumet
  4355 | D:6      | Reached skill level 8 in Conjurations
  4364 | D:6      | Found an ornate altar of the Wu Jian Council.
  4364 | D:6      | Found a hide-covered altar of Uskayaw.
  4392 | D:6      | Found a bloodstained altar of Trog.
  4437 | D:6      | Noticed Pikel
  4467 | D:6      | Killed Pikel
  4467 | D:6      | Reached skill level 9 in Conjurations
  4467 | D:6      | Reached XP level 9. HP: 28/45 MP: 6/12
  4616 | D:6      | Noticed Sigmund
  4623 | D:6      | Killed Sigmund
  4623 | D:6      | Reached skill level 10 in Conjurations
  4832 | D:6      | Found a staircase to the Ecumenical Temple.
  4960 | D:6      | Found Coquc's Assorted Antiques.
  4966 | D:6      | Noticed Eustachio
  5001 | D:6      | Killed Eustachio
  5013 | D:6      | Bought a scroll labeled WOIXTEKLIOP for 23 gold pieces
  5013 | D:6      | Bought a scroll labeled PATUMNIOPH for 23 gold pieces
  5013 | D:6      | Bought a blue potion for 20 gold pieces
  5165 | D:7      | Found a white marble altar of Elyvilon.
  5180 | D:7      | Reached skill level 11 in Conjurations
  5384 | D:7      | Reached skill level 1 in Fighting
  5430 | D:7      | Found a sacrificial altar of Ru.
  5552 | D:7      | Reached skill level 2 in Fighting
  5576 | D:7      | Found Awnemmeu's Magic Scroll Boutique.
  5579 | D:7      | Bought a scroll of identify for 28 gold pieces
  5579 | D:7      | Bought a scroll of fear for 49 gold pieces
  5579 | D:7      | Bought a scroll of blinking for 105 gold pieces
  5579 | D:7      | Bought a scroll of magic mapping for 49 gold pieces
  5676 | D:7      | Reached * piety under Vehumet
  5676 | D:7      | Offered knowledge of Sting by Vehumet.
  5678 | D:7      | Reached skill level 3 in Spellcasting
  5801 | D:7      | Found a burning altar of Makhleb.
  5924 | D:8      | Noticed a two-headed ogre
  5928 | D:8      | Killed a two-headed ogre
  5928 | D:8      | Reached skill level 4 in Fighting
  5928 | D:8      | Reached skill level 4 in Spellcasting
  5928 | D:8      | Reached XP level 10. HP: 58/58 MP: 4/16
  6229 | D:8      | Reached skill level 5 in Fighting
  6374 | D:9      | Reached skill level 5 in Spellcasting
  6645 | D:9      | Found a shattered altar of Ashenzari.
  6659 | D:9      | Learned a level 4 spell: Petrify
  6664 | D:9      | Noticed Erolcha
  6667 | D:9      | Cast into level 2 of the Abyss (Erolcha)
  6690 | Abyss:2  | Noticed a worldbinder
  6691 | Abyss:2  | Gained mutation: You are dopey. (Int -2) [a neqoxec]
  6694 | Abyss:2  | Noticed a mana viper
  6696 | Abyss:2  | Noticed a black mamba
  6707 | Abyss:2  | Found a corrupted altar of Lugonu.
  6754 | Abyss:2  | Noticed a tentacled starspawn
  6778 | Abyss:2  | Noticed a guardian serpent
  6783 | Abyss:2  | Noticed a naga mage
  6789 | Abyss:2  | Noticed a naga mage
  6790 | Abyss:2  | Killed a guardian serpent
  6790 | Abyss:2  | Reached skill level 6 in Spellcasting
  6793 | Abyss:2  | Noticed an angel
  6810 | Abyss:2  | Found a corrupted altar of Lugonu.
  6850 | Abyss:2  | Noticed an eidolon
  6858 | Abyss:2  | HP: 7/88 [eidolon (8)]
  6858 | Abyss:2  | HP: 2/88 [eidolon (5)]
  6859 | Abyss:2  | Slain by an eidolon

Vanquished Creatures
  A two-headed ogre (D:8)
  Pikel (D:6)
  A guardian serpent (Abyss:2)
  Grinder (D:4)
  A ynoxinul (Abyss:2)
  Sigmund (D:6)
  A wyvern (D:9)
  Eustachio (D:6)
  2 hungry ghosts
  Duvessa (D:4)
  An orc warrior (D:7)
  An ice beast (D:7)
  A phantom (D:5)
  2 sky beasts
  A slave (D:6)
  A necrophage (D:9)
  An eye of draining (D:9)
  An ogre (D:4)
  2 centaurs
  3 bullfrogs
  A gnoll sergeant (D:8)
  Dowan (D:4)
  2 scorpions
  A howler monkey (D:9)
  3 crimson imps
  A quasit (D:6)
  5 hounds
  A jelly (D:9)
  6 orc priests
  A bullfrog skeleton (D:6)
  4 centaur skeletons
  3 orc wizards
  Terence (D:1)
  3 worker ants
  Natasha (thrice) (D:4)
  2 hound skeletons
  Robin (D:2)
  10 adders
  7 gnolls
  A howler monkey skeleton (D:5)
  A shadow imp (D:7)
  2 adder zombies
  An adder skeleton (D:5)
  2 worms (D:3)
  3 dart slugs
  3 leopard geckos
  18 orcs
  A ball python (D:4)
  5 giant cockroaches
  12 goblins
  7 hobgoblins
  9 jackals
  4 quokkas
  5 bats
  3 frilled lizards
  A jackal skeleton (D:4)
  4 kobolds
  A leopard gecko zombie (D:8)
  11 rats
175 creatures vanquished.

Vanquished Creatures (others)
  An ogre (D:6)
  A bullfrog (D:6)
  A quokka (D:7)
3 creatures vanquished.

Grand Total: 178 creatures vanquished
